 Dungeon Crawl Stone Soup version 0.29-a0-330-g52719c12eb (webtiles) character file.

Game seed: 13232234893863460446

1711 YayAnonymity the Cleaver (level 9, -2/64 HPs)
             Began as a Formicid Fighter on Apr 13, 2022.
             Splashed by a jelly's acid (12 damage)
             ... on level 5 of the Dungeon.
             The game lasted 00:07:23 (5544 turns).

YayAnonymity the Cleaver (Formicid Fighter)         Turns: 5544, Time: 00:07:23

Health: -2/64      AC: -1    Str: 26    XL:     9   Next: 24%
Magic:  9/9        EV:  8    Int:  7    God:
Gold:   217        SH: 11    Dex: 12    Spells: 8/8 levels left

rFire   + + +      SeeInvis +   r - +10 dagger of Action {drain, rPois Dex+2}
rCold   x . .      Faith    .   c - +1 kite shield
rNeg    . . .      Spirit   .   s - +0 fire dragon scales
rPois   +          Reflect  .   (helmet unavailable)
rElec   .          Harm     .   (no cloak)
rCorr   .          Rampage  .   j - +0 pair of gloves
Will    .....                   (no boots)
Stlth   ..........              (no amulet)
HPRegen 0.20/turn               l - ring of protection from fire
MPRegen 0.11/turn               (no ring)

@: corroded
A: permanent stasis, dig shafts and tunnels, antennae 3, four strong arms
a: Dig, Shaft Self


You were on level 5 of the Dungeon.
You visited 1 branch of the dungeon, and saw 5 of its levels.

You collected 217 gold pieces.

Inventory:

Hand Weapons
 a - a +0 war axe
 g - a +0 great mace
 r - the +10 dagger of Action (weapon) {drain, rPois Dex+2}
   (You found it on level 5 of the Dungeon)

   A truly terrible weapon, it drains the life of any living foe it strikes.
   Dex:       It affects your dexterity (+2).
   rPois:     It protects you from poison.
Missiles
 b - 7 poisoned darts
 h - 4 boomerangs
Armour
 c - a +1 kite shield (worn)
 j - a +0 pair of gloves (worn)
 s - +0 fire dragon scales (worn)
Jewellery
 l - a ring of protection from fire (left hand)
Wands
 p - a wand of acid (6)
 u - a wand of iceblast (7)
Scrolls
 e - a scroll of enchant armour
 n - a scroll of immolation
 t - a scroll of amnesia
Potions
 d - a potion of might
 f - a potion of magic
 i - 2 potions of lignification
 m - 2 potions of flight
 o - a potion of mutation {unknown}
 q - a potion of curing


   Skills:
 - Level 3.2 Fighting
 * Level 9.4 Axes
 - Level 3.2 Armour
 + Level 8.6 Shields


You had 8 spell levels left.
You didn't know any spells.
Your spell library contained the following spells:

 Spells                   Type           Power      Damage    Failure   Level
 Animate Skeleton         Necr           0%         N/A       94%         1
 Apportation              Tloc           0%         N/A       94%         1
 Pain                     Necr           0%         1d4       94%         1
 Summon Small Mammal      Summ           0%         N/A       94%         1
 Dazzling Flash           Conj/Hex       0%         N/A       100%        3
 Vampiric Draining        Necr           0%         2d6       100%        3
 Agony                    Necr           0%         N/A       100%        5
 Silence                  Hex/Air        0%         N/A       100%        5


Dungeon Overview and Level Annotations

Branches:
Dungeon (5/15)
 Temple: D:4-7

Altars:

Annotations:
D:4 2 transporters


Innate Abilities, Weirdness & Mutations

You cannot be hasted, slowed, berserked, paralysed or teleported.
You can dig through walls and to a lower floor.
You have a pair of large antennae on your head. (SInv)
Your four strong arms can wield two-handed weapons with a shield.


Message History

You hit the jelly.
Your hands burn!
The jelly is moderately wounded.
You puncture the jelly! The acid corrodes you!
Your hands burn!
The jelly is almost dead.
You block the jelly's attack.
You hit the jelly.
You kill the jelly!
You puncture the endoplasm!
You kill the endoplasm!
You barely miss the jelly.
The jelly is heavily wounded.
You hit the jelly. You drain the jelly.
Your hands burn!
The jelly is lightly wounded.
You block the jelly's attack.
You hit the jelly.
Your hands burn!
* * * LOW HITPOINT WARNING * * *
The jelly is moderately wounded.
You block the jelly's attack.
You barely miss the jelly.
The jelly is moderately wounded.
The jelly barely misses you.
You hit the jelly. The acid corrodes you!
Your hands burn!
* * * LOW HITPOINT WARNING * * *
The jelly is severely wounded.
The jelly barely misses you. The jelly attacks as you move away!
The jelly hits you but does no damage. The jelly attacks as you move away!
You block the jelly's attack.
Things that are here:
a +0 dagger; 2 stones; a kobold corpse The jelly attacks as you move away!
You block the jelly's attack. The jelly attacks as you move away!
The jelly hits you.
* * * LOW HITPOINT WARNING * * *
The acid corrodes you!
You are splashed with acid!
* * * LOW HITPOINT WARNING * * *
There is an open door here.
Okay, then.
It was a potion of curing.
You feel better. The jelly hits you.
* * * LOW HITPOINT WARNING * * *
The acid corrodes you!
You are splashed with acid!
You die...

......# #.# #.....# #.####
#.....## ########.#<.. #......#
##########......##.##..
#......####......##J.÷.P.÷##.##.#
#....[..##.).....#J#...J..##.##.#
#...[...'........#.#{.{.P.##.#...
#.......'........#{#....J.##.####
######..'......#@#{#...J.P##.....
#..##.....#J#.#......##...#.
#..###....#.#{#.{JP.P##...#.
##.#########.##÷.÷..?##...#.
#.)########## #...#.
##)).....#############...#.
#######..(.......#........
#########....#...#.# #..........#


You could see a jelly (very drained).

Vanquished Creatures
  A slime creature (D:5)
  3 yaks (D:5)
  Menkaure (D:5)
  A sky beast (D:5)
  2 phantoms (D:5)
  3 kobold brigands (D:5)
  A necrophage (D:4)
  A scorpion (D:4)
  A jelly (D:5)
  3 orc priests
  3 hounds
  2 iguanas (D:5)
  Terence (D:3)
  6 adders
  A white imp (D:5)
  3 worms
  2 dart slugs (D:1)
  9 orcs
  3 bats
  8 endoplasms
  5 giant cockroaches
  A hobgoblin (D:4)
  5 jackals
  10 kobolds
  6 quokkas
  6 ball pythons
  6 frilled lizards
  9 goblins
  5 rats
108 creatures vanquished.

Vanquished Creatures (others)
  7 fungi (D:5)
  6 plants (D:4)
  4 toadstools (D:5)
17 creatures vanquished.

Grand Total: 125 creatures vanquished

Notes
Turn   | Place    | Note
-------+----------+-------------------------------------------
     0 | D:1      | YayAnonymity the Formicid Fighter began the quest for the
                  | Orb.
     0 | D:1      | Reached XP level 1. HP: 18/18 MP: 1/1
   117 | D:1      | Reached XP level 2. HP: 24/24 MP: 2/2
   570 | D:1      | Reached XP level 3. HP: 20/29 MP: 3/3
   677 | D:1      | Reached skill level 3 in Axes
  1430 | D:2      | Reached XP level 4. HP: 35/35 MP: 4/4
  2362 | D:3      | Found a faded altar of an unknown god.
  2540 | D:3      | Reached skill level 4 in Axes
  2722 | D:3      | Reached XP level 5. HP: 41/41 MP: 5/5
  2940 | D:3      | Noticed Terence
  2953 | D:3      | Killed Terence
  3329 | D:4      | Reached skill level 5 in Shields
  3329 | D:4      | Reached XP level 6. HP: 47/47 MP: 6/6
  3406 | D:4      | Reached skill level 5 in Axes
  3645 | D:4      | Found a transporter.
  3696 | D:4      | Found a transporter.
  4087 | D:5      | Entered Level 5 of the Dungeon
  4459 | D:5      | Reached XP level 7. HP: 52/52 MP: 7/7
  4477 | D:5      | Reached skill level 6 in Axes
  4883 | D:5      | Identified the +10 dagger of Action {drain, rPois Dex+2}
  4943 | D:5      | Reached skill level 7 in Axes
  4943 | D:5      | Reached XP level 8. HP: 58/58 MP: 8/8
  5000 | D:5      | Noticed Menkaure
  5007 | D:5      | Killed Menkaure
  5161 | D:5      | Noticed a yak
  5161 | D:5      | Noticed a yak
  5162 | D:5      | Noticed a yak
  5168 | D:5      | Killed a yak
  5176 | D:5      | Killed a yak
  5177 | D:5      | Reached skill level 8 in Axes
  5185 | D:5      | Killed a yak
  5457 | D:5      | Reached XP level 9. HP: 64/64 MP: 9/9
  5459 | D:5      | Reached skill level 9 in Axes
  5512 | D:5      | Noticed a slime creature
  5524 | D:5      | Killed a slime creature
  5544 | D:5      | Splashed by a jelly's acid

Illustrated notes

Levels and vault maps discovered:
D:1:      dpeg_arrival_water_temple_mockup, layout_basic
D:2:      layout_basic, patterned_corridor
D:3:      layout_loops_ring, ebering_ecumenical_altar_ruins, uniq_terence
D:4:      layout_basic, gammafunk_ghost_gnarly_gnolls, kennysheep_cluttered_room
D:5:      cheibrodos_fertilizer, layout_basic, uniq_menkaure

Skill      XL: |  1  2  3  4  5  6  7  8  9 |
---------------+----------------------------+-----
Shields        | 4 5 6 8 |  8.6
Axes           | 3 4 5 7 8 9 |  9.4
Fighting       | |  3.2
Armour         | |  3.2

Action                   |  1- 3 |  4- 6 |  7- 9 || total
-------------------------+-------+-------+-------++-------
Melee: War axe           |   102 |   169 |    42 ||   313
       Dagger            |       |       |   101 ||   101
  Use: Scroll            |       |     9 |     3 ||    12
       Potion            |       |     1 |     1 ||     2
Armor: Scale mail        |    49 |    33 |       ||    82
       Chain mail        |       |    40 |    37 ||    77
       Fire dragon scale |       |       |     2 ||     2
Dodge: Dodged            |    43 |    53 |    36 ||   132
Block: Kite shield       |    41 |    73 |    63 ||   177

Table legend: (Time is in decaauts)
 A = Elapsed time spent in this place.
 B = Non-inter-level travel time spent in this place.
 C = Inter-level travel time spent in this place.
 D = Time resting spent in this place.
 E = Time spent auto-exploring this place.
 F = Levels seen in this place.
 G = Mean time per level.
                   A        B        C        D        E       F      G
               +--------+--------+--------+--------+--------+-----+--------+
         Total |   5690 |   5515 |    175 |    327 |   4073 |   5 | 1138.0 |
       Dungeon |   5690 |   5515 |    175 |    327 |   4073 |   5 | 1138.0 |
               +--------+--------+--------+--------+--------+-----+--------+

Top non-repeatable levels by time:
     D:4: 1411 daAuts
     D:2: 1250 daAuts
     D:3: 1114 daAuts
     D:5: 982 daAuts
     D:1: 932 daAuts
